 Dungeon Crawl Stone Soup version 0.21-a0-471-gd587bd5 (webtiles) character file.

60 kae the Insei (level 3, 0/29 HPs)
             Began as a Draconian Transmuter on Nov 21, 2017.
             Killed from afar by Sigmund (10 damage)
             ... with a puff of flame
             ... on level 2 of the Dungeon.
             The game lasted 00:01:08 (1242 turns).

kae the Insei (Draconian Transmuter)                Turns: 1242, Time: 00:01:08

Health: 0/29       AC:  5    Str: 12    XL:     3   Next: 82%
Magic:  5/6        EV: 12    Int: 13    God:
Gold:   81         SH:  0    Dex: 12    Spells: 3/6 levels left

rFire    . . .     SeeInvis .   i - +0 club
rCold    . . .     Gourm    .   (no shield)
rNeg     . . .     Faith    .   (armour unavailable)
rPois    .         Spirit   .   (helmet restricted)
rElec    .         Reflect  .   (no cloak)
rCorr    .         Harm     .   (no gloves)
MR       .....                  (no boots)
Stlth    +.........             (no amulet)
HPRegen  0.09/turn              (no ring)
MPRegen  0.10/turn              (no ring)

@: no status effects
A: unfitting armour, cold-blooded, AC +5
a: no special abilities


You were on level 2 of the Dungeon.
You were near starving.

You visited 1 branch of the dungeon, and saw 2 of its levels.

You collected 81 gold pieces.

Inventory:

Hand Weapons
 f - a +0 spear
 i - a +0 club (weapon)
Missiles
 a - 8 arrows
 n - a throwing net (quivered)
Jewellery
 h - an uncursed amulet of faith {unknown}
 r - an uncursed ring of resist corrosion {unknown}
Scrolls
 d - a scroll of identify {unknown}
 e - 2 scrolls of amnesia {unknown}
 g - 2 scrolls of enchant weapon {unknown}
 j - a scroll of teleportation {unknown}
 o - 3 scrolls of blinking {unknown}
 p - a scroll of fear {unknown}
Potions
 l - 2 potions of agility {unknown}
 m - a potion of magic {unknown}
Books
 b - a book of Changes

   Spells                             Type                      Level
   a - Beastly Appendage              Transmutation                1
   b - Sticks to Snakes               Transmutation                2
   c - Spider Form                    Transmutation/Poison         3
   d - Ice Form                       Ice/Transmutation            4
   e - Blade Hands                    Transmutation                5
Comestibles
 c - 2 bread rations
 k - 2 royal jellies
 q - a meat ration
 s - 4 chunks of flesh


   Skills:
 + Level 2.0 Fighting
 - Level 1.7 Dodging
 * Level 3.6 Unarmed Combat
 + Level 2.3 Spellcasting
 * Level 2.9 Transmutations


You had 3 spell levels left.
You knew the following spells:

 Your Spells              Type           Power        Failure   Level  Hunger
a - Beastly Appendage     Tmut           #.....       8%          1    #......
b - Sticks to Snakes      Tmut           #.......     11%         2    ###....


Dungeon Overview and Level Annotations

Branches:
Dungeon (2/15)

Altars:

Annotations:
D:2 Sigmund


Innate Abilities, Weirdness & Mutations

Your plain brown scales are hard. (AC +5)
You cannot fit into any form of body armour.
You are cold-blooded and may be slowed by cold attacks.


Message History

Sigmund gestures at you while chanting. You resist with significant effort.
Your adder bites Sigmund but does no damage.
You hit Sigmund but do no damage.
Sigmund is lightly wounded.
Sigmund hits you but does no damage.
Your adder closely misses Sigmund.
You barely miss Sigmund.
Sigmund is lightly wounded.
Your adder closely misses Sigmund.
Sigmund casts a spell at you. The puff of flame hits you!
Your adder misses Sigmund. Sigmund misses you.
You hit Sigmund.
Sigmund is lightly wounded.
Your adder closely misses Sigmund.
Your adder barely misses Sigmund.
You hit Sigmund.
You tail-slap Sigmund, but do no damage.
Sigmund is moderately wounded.
Sigmund gestures at you while chanting. The puff of flame hits you!
You die...

.#.#####.#
.#.......##+#####
.#..##..........########
....#..............[...#
..#.#..................#
....#..................#
..#.#.........[........#
..####.................#
....#.).........@@.....#
..#.#.....#+#....S.....#
..#.#.##### #..<.......#
###.#. #..........#
....#+### .############
........###.#
........#...#
........#.#
..........######


You could see Sigmund and a friendly adder.

Vanquished Creatures
  Jessica (D:2)
  An ooze (D:1)
  3 dart slugs
  2 goblins (D:1)
  4 hobgoblins (D:1)
  4 jackals (D:1)
  A ball python (D:1)
  5 bats (D:1)
  A frilled lizard (D:1)
  3 kobolds
  3 rats (D:1)
28 creatures vanquished.

Vanquished Creatures (collateral kills)
  A gnoll (D:1)
  A worm (D:2)
2 creatures vanquished.

Grand Total: 30 creatures vanquished

Notes
Turn   | Place    | Note
-------+----------+-------------------------------------------
     0 | D:1      | kae the Draconian Transmuter began the quest for the Orb.
     0 | D:1      | Reached XP level 1. HP: 16/16 MP: 3/3
   215 | D:1      | Reached XP level 2. HP: 15/23 MP: 5/5
   731 | D:1      | Learned a level 2 spell: Sticks to Snakes
   734 | D:1      | Reached XP level 3. HP: 28/29 MP: 6/6
  1080 | D:2      | Noticed Jessica
  1085 | D:2      | Noticed Sigmund
  1087 | D:2      | Killed Jessica
  1242 | D:2      | Killed from afar by Sigmund

Vault maps used:
D:1:      evilmike_arrival_fibonacci_small, minmay_tetromino_l4
D:2:      zin_statuary, old_standard_altar, evilmike_ruin_ashenzari,
          first_bread, uniq_natasha, uniq_sigmund, uniq_jessica

Skill      XL: |  1  2  3 |
---------------+----------+-----
Fighting       | 2 |  2.0
Dodging        | |  1.7
Unarmed Combat | |  3.6
Spellcasting   | |  2.3
Transmutations | |  2.9

Action                   || total
-------------------------++-------
Melee: Spear             ||    39
       Unarmed           ||     2
       Headbutt          ||     5
       Tailslap          ||    10
       Kick              ||     1
       Club              ||    97
       Punch             ||     2
 Cast: Beastly Appendage ||     6
       Sticks to Snakes  ||     4
 Stab: Distracted        ||     1
Armor: Skin              ||    48
Dodge: Dodged            ||   107

Table legend:
 A = Spawn XP
 B = Non-spawn XP
 C = Spawn XP percentage of total XP
 D = Spawn monster count
 E = Non-spawn monster count
 F = Spawn count percentage of total count
 G = Total turns spent on level
                    A         B        C        D         E        F      G
               +---------+---------+-------+---------+---------+-------+---------
         Total |       0 |      87 |   0.0 |       0 |      30 |   0.0 |  1242
               +---------+---------+-------+---------+---------+-------+---------
           D:1 |       0 |      57 |   0.0 |       0 |      26 |   0.0 |  1122
           D:2 |       0 |      30 |   0.0 |       0 |       4 |   0.0 |   120
               +---------+---------+-------+---------+---------+-------+---------
